 Dungeon Crawl Stone Soup version 0.30.1-4-g462c640d31 (webtiles) character file.

Game seed: 5423356396178139083

151 Almogavar the Covered (level 5, -1/33 HPs)
             Began as a Tengu Fighter on Aug 20, 2023.
             Slain by Grinder (6 damage)
             ... while paralysed by Grinder
             ... on level 3 of the Dungeon.
             The game lasted 00:05:45 (1923 turns).

Almogavar the Covered (Tengu Fighter)               Turns: 1923, Time: 00:05:45

Health: -1/33      AC:  8    Str: 19    XL:     5   Next: 33%
Magic:  2/2        EV:  2    Int:  8    God:
Gold:   195        SH:  0    Dex: 13    Spells: 4/4 levels left

rFire   . . .        f - +1 whip (antimagic)
rCold   . . .        c - +0 buckler
rNeg    . . .        b - +0 scale mail
rPois   .            (helmet restricted)
rElec   .            (no cloak)
rCorr   .            o - +0 pair of gloves
SInv    .            (boots unavailable)
Will    .....        (no amulet) Stlth
                     k - +5 ring of evasion
HPRegen 0.25/turn    (no ring)
MPRegen 0.08/turn

%: no passive effects
@: paralysed, flying quickly and evasively, quick
A: beak, talons 3, nimble flight
a: no special abilities


You were on level 3 of the Dungeon.
You visited 1 branch of the dungeon, and saw 3 of its levels.

You collected 195 gold pieces.

Inventory:

Hand Weapons
 a - a +0 flail
 f - a +1 antimagic whip (weapon)
Armour
 b - a +0 scale mail (worn)
 c - a +0 buckler (worn)
 o - a +0 pair of gloves (worn)
Jewellery
 k - a +5 ring of evasion (left hand)
Scrolls
 g - a scroll of torment {unknown}
 h - a scroll of amnesia
Potions
 d - a potion of might
 e - a potion of heal wounds
 i - 2 potions of berserk rage
 j - 2 potions of curing
 l - a potion of haste
 m - a potion of invisibility {unknown}
 n - 2 potions of mutation {unknown}


   Skills:
 + Level 3.9 Fighting
 + Level 3.6 Maces & Flails
 + Level 4.0 Armour
 + Level 0.7 Dodging
 + Level 0.1 Stealth
 + Level 3.7 Shields


You had 4 spell levels left.
You didn't know any spells.
Your spell library contained the following spells:

 Spells                   Type           Power      Damage    Failure   Level
 Shock                    Conj/Air       0%         1d3       85%         1
 Swiftness                Air            0%         N/A       99%         3
 Vhi's Electric Charge    Tloc/Air       0%         N/A       99%         3
 Airstrike                Air            0%         2d(0-16)  100%        4
 Arcjolt                  Conj/Air       0%         1d10      100%        5
 Maxwell's Capacitive Co  Air            0%         ∞         100%        8


Dungeon Overview and Level Annotations

Branches:
Dungeon (3/15)

Altars:
Cheibriados
Zin

Shops:
D:2 =

Annotations:
D:3 Grinder


Innate Abilities, Weirdness & Mutations

You have a beak for a mouth.
You have claws for feet.
Your magical nature lets you fly swiftly and evasively.


Message History

You peck Grinder, but do no damage.
Grinder is moderately wounded.
Grinder closely misses you.
You hit Grinder but do no damage.
Grinder is moderately wounded.
You hit Grinder.
Grinder's magic leaks into the air.
Your kick misses Grinder.
Grinder is moderately wounded.
Grinder says, "Tell me all your secrets, or I'll kill you."
You block Grinder's attack.
You barely miss Grinder. Your kick misses Grinder.
You peck Grinder, but do no damage.
Grinder is moderately wounded.
Grinder barely misses you.
You hit Grinder.
Grinder's magic leaks into the air.
You claw Grinder.
Grinder is heavily wounded.
Grinder closely misses you.
You hit Grinder.
Grinder's magic leaks into the air.
You claw Grinder.
Grinder is severely wounded.
Grinder completely misses you.
You barely miss Grinder. You peck Grinder.
Grinder is severely wounded.
Grinder hits you.
You writhe in agony.
You closely miss Grinder. You claw Grinder.
Grinder is severely wounded.
Grinder's magic is no longer disrupted.
Grinder hits you but does no damage.
You hit Grinder.
Grinder's magic leaks into the air.
Your kick misses Grinder. You peck Grinder, but do no damage.
Grinder is almost dead.
Grinder's magic is no longer disrupted.
Grinder gestures at you.
You suddenly lose the ability to move!
Grinder says, "FISH!"
Grinder hits you but does no damage. Grinder hits you.
You writhe in agony.
Grinder hits you.
* * * LOW HITPOINT WARNING * * *
Grinder hits you.
* * * LOW HITPOINT WARNING * * *
You writhe in agony.
You die...

#########.# #.#
..........# #.#
########..## #.#
#.... #.# #.... #.#
#.# #.### #.#
#.########.# #5#
#.##.......# ####@#
#.##.####### ##....#
#.##.# #.....# #.##.#
#.....# #.##.#
#..)..###.##.#
##...##......######
##...............####
#..#####.#####......
#..#⌠~~###~~⌠#..####


You could see Grinder.

Vanquished Creatures
  Jessica (D:2)
  An iguana (D:3)
  Natasha (D:3)
  2 adders (D:2)
  3 worms
  A dart slug (D:1)
  9 ball pythons
  3 endoplasms
  4 giant cockroaches
  6 goblins
  2 hobgoblins
  3 kobolds
  2 quokkas
  5 bats
  5 frilled lizards
  A rat (D:2)
49 creatures vanquished.

Notes
Turn   | Place    | Note
-------+----------+-------------------------------------------
     0 | D:1      | Almogavar the Tengu Fighter began the quest for the Orb.
     0 | D:1      | Reached XP level 1. HP: 14/14 MP: 2/2
   163 | D:1      | Reached XP level 2. HP: 19/19 MP: 3/3
   730 | D:2      | Reached XP level 3. HP: 23/23 MP: 4/4
   734 | D:2      | Found Holucow's One-of-a-Kind Rings.
   902 | D:2      | Noticed Jessica
   916 | D:2      | Killed Jessica
   917 | D:2      | Reached XP level 4. HP: 28/28 MP: 5/5
  1528 | D:3      | Reached skill level 4 in Armour
  1555 | D:3      | Found a glowing silver altar of Zin.
  1658 | D:3      | Gained mutation: Your magical nature lets you fly swiftly
                  | and evasively. [Tengu growth]
  1658 | D:3      | Reached XP level 5. HP: 17/33 MP: 2/6
  1741 | D:3      | Found a snail-covered altar of Cheibriados.
  1860 | D:3      | Noticed Natasha
  1870 | D:3      | Killed Natasha
  1902 | D:3      | Noticed Grinder
  1919 | D:3      | Paralysed by Grinder for 4 turns
  1923 | D:3      | Slain by Grinder

Illustrated notes

Levels and vault maps discovered:
D:1:      kennysheep_arrival_forest, layout_loops_ring, solitary_fountain
D:2:      minmay_diamond_boxcup, layout_basic, nicolae_shop_unique_rings,
          minmay_pentomino_p2, uniq_jessica
D:3:      layout_loops_ring, cheibrodos_worm_habitat, mainiacjoe_overflow_paths,
          okawaru_altar_gauntlet_db, zin_treasury, uniq_grinder, uniq_natasha

Skill      XL: |  1  2  3  4 |
---------------+-------------+-----
Maces & Flails | 3 |  3.6
Armour         | 4 |  4.0
Fighting       | |  3.9
Dodging        | |  0.7
Stealth        | |  0.1
Shields        | |  3.7

Action                     |  1- 3 |  4- 6 || total
---------------------------+-------+-------++-------
  Melee: Flail             |    67 |    32 ||    99
         Kick              |    11 |    26 ||    37
         Peck              |     5 |    13 ||    18
         Whip              |       |    38 ||    38
    Use: Scroll            |     1 |     6 ||     7
 Armour: Scale mail        |    26 |    15 ||    41
  Dodge: Dodged            |    25 |    38 ||    63
  Block: Buckler           |    15 |    12 ||    27
